 Dungeon Crawl Stone Soup version 0.30-a0-989-g0d87f670db (webtiles) character file.

Game seed: 4268883951728128634

49 porpoise the Trooper (level 3, -4/24 HPs)
             Began as a Gargoyle Monk on Apr 3, 2023.
             Slain by a goblin
             ... wielding a +0 club
             ... led by Robin
              (5 damage)
             ... on level 2 of the Dungeon.
             The game lasted 00:04:33 (1054 turns).

porpoise the Trooper (Gargoyle Monk)                Turns: 1054, Time: 00:04:34

Health: -4/24      AC:  9    Str: 16    XL:     3   Next: 77%
Magic:  3/3        EV: 11    Int: 10    God:
Gold:   96         SH:  0    Dex: 18    Spells: 2/2 levels left

rFire   . . .      SeeInvis .    a - +0 long sword
rCold   + . .      Faith    .    (no shield)
rNeg    + . .      Spirit   .    p - +0 ring mail
rPois   ∞          Reflect  .    (no helmet)
rElec   +          Rampage  .    (no cloak)
rCorr   .                        l - +0 pair of gloves
Will    .....                    (no boots)
Stlth   ++                       (no amulet)
HPRegen 0.24/turn                d - ring of protection from cold
MPRegen 0.08/turn                n - +6 ring of dexterity

@: no status effects
A: sickness immunity, AC +3, negative energy resistance 1, electricity
resistance, torment resistance 1, petrification resistance
a: no special abilities


You were on level 2 of the Dungeon.
You visited 1 branch of the dungeon, and saw 2 of its levels.

You collected 96 gold pieces.

Inventory:

Hand Weapons
 a - a +0 long sword (weapon)
Missiles
 m - 6 poisoned darts (quivered)
Armour
 l - a +0 pair of gloves (worn)
 p - a +0 ring mail (worn)
Jewellery
 d - a ring of protection from cold (left hand)
 n - a +6 ring of dexterity (right hand)
Scrolls
 e - a scroll of fog {unknown}
 f - a scroll of teleportation {unknown}
 h - a scroll of poison {unknown}
 i - a scroll of blinking {unknown}
 j - a scroll of identify
 q - a scroll of enchant weapon {unknown}
Potions
 b - a potion of degeneration {unknown}
 c - a potion of ambrosia
 g - a potion of haste {unknown}
 k - a potion of flight {unknown}
 o - a potion of curing


   Skills:
 * Level 4.2 Fighting
 * Level 3.4 Long Blades
 - Level 2.4 Dodging
 + Level 2.4 Stealth


You had 2 spell levels left.
You didn't know any spells.
Your spell library was empty.

Dungeon Overview and Level Annotations

Branches:
Dungeon (2/15)

Altars:

Annotations:
D:2 Robin


Innate Abilities, Weirdness & Mutations

You are immune to sickness and miasma.
Your stone body is resilient. (AC +3)
You are immune to poison.
You resist negative energy. (rN+)
You are resistant to electric shocks. (rElec)
You are resistant to unholy torment.
You are immune to petrification.


Message History

The hobgoblin completely misses you. The goblin barely misses you.
A goblin breaks down the door.
You slash the hobgoblin!
You kill the hobgoblin!
Robin throws the goblin at you! The goblin hits you with a +0 club.
The goblin hits you with a +0 dagger. The goblin barely misses you. x2
You slash the goblin!
You kill the goblin!
Robin throws the goblin at you! The goblin hits you with a +0 dagger.
The goblin hits you with a +0 club. The goblin hits you but does no damage.
The goblin barely misses you.
You hit the goblin.
The goblin is severely wounded.
Robin roars a battlecry!
The goblins go into a battle-frenzy!
The goblin hits you but does no damage. The goblin closely misses you.
The goblin barely misses you. The goblin hits you with a +0 club.
The goblin barely misses you.
You aren't carrying any items that you can evoke.
As you read the scroll labelled SUONLE FUNOLIT, it crumbles to dust.
It is a scroll of identify.
o - a potion of curing The goblin hits you but does no damage. x2; The goblin hits you with a +0 club.
The goblin hits you but does no damage. The goblin barely misses you.
You hit the goblin.
You kill the goblin!
The goblin hits you but does no damage. The goblin closely misses you.
The goblin hits you with a +0 club. The goblin hits you but does no damage.
The goblin hits you with a +0 club.
* * * LOW HITPOINT WARNING * * *
The goblin hits you but does no damage. The goblin hits you with a +0 club.
* * * LOW HITPOINT WARNING * * *
The goblin hits you but does no damage. The goblin barely misses you.
You closely miss the goblin.
The goblin hits you but does no damage. x2
The goblin hits you with a +0 club.
* * * LOW HITPOINT WARNING * * *
The goblin hits you but does no damage. The goblin barely misses you.
You closely miss the goblin. The goblin closely misses you.
The goblin hits you but does no damage. x2; The goblin hits you with a +0 club.
You die...

.......# #..........#
########
........#.....(....#
.........###........#
.........# #........#
.........# #........#
.........# #........#
......wgg###........#
.....wgggg.+.......<#
.....ggg@# #........#
######g## ##########
###.# ###########
#...# ..........#
#.### #########.# #.#
#†# #)# #.###.#
#.....#


You could see a worm, Robin, a dart slug, 2 hobgoblins and 7 goblins.

Vanquished Creatures
  An adder (D:2)
  A worm (D:2)
  A ball python (D:1)
  3 endoplasms (D:1)
  2 giant cockroaches (D:1)
  5 goblins
  5 hobgoblins
  4 jackals (D:1)
  4 kobolds
  2 bats
  A frilled lizard (D:2)
  4 rats
33 creatures vanquished.

Notes
Turn   | Place    | Note
-------+----------+-------------------------------------------
     0 | D:1      | porpoise the Gargoyle Monk began the quest for the Orb.
     0 | D:1      | Reached XP level 1. HP: 14/14 MP: 1/1
   136 | D:1      | Reached XP level 2. HP: 17/19 MP: 2/2
   682 | D:1      | Reached XP level 3. HP: 24/24 MP: 3/3
   723 | D:1      | Reached skill level 4 in Fighting
  1045 | D:2      | Noticed Robin
  1053 | D:2      | HP: 1/24 [goblin/+0 club[Robin] (4)]
  1054 | D:2      | Slain by a goblin

Illustrated notes

Levels and vault maps discovered:
D:1:      lemuel_arrival_cross, layout_basic, grunt_decor_cap,
          minmay_misc_feat_roman, serial_bayou_pond_d
D:2:      layout_basic, minmay_hedge_maze, uniq_robin

Skill      XL: |  1  2  3 |
---------------+----------+-----
Long Blades    | 3 |  3.4
Fighting       | 4 |  4.2
Dodging        | |  2.4
Stealth        | |  2.4

Action                     || total
---------------------------++-------
  Melee: Falchion          ||    44
         Long sword        ||    65
         Punch             ||     1
    Use: Scroll            ||     1
   Stab: Sleeping          ||     1
         Distracted        ||     1
 Armour: Robe              ||    22
         Ring mail         ||    32
  Dodge: Dodged            ||    74

Table legend: (Time is in decaauts)
 A = Elapsed time spent in this place.
 B = Non-inter-level travel time spent in this place.
 C = Inter-level travel time spent in this place.
 D = Time resting spent in this place.
 E = Time spent auto-exploring this place.
 F = Levels seen in this place.
 G = Mean time per level.
                   A        B        C        D        E       F      G
               +--------+--------+--------+--------+--------+-----+--------+
         Total |   1074 |   1062 |     12 |     29 |    716 |   2 |  537.0 |
       Dungeon |   1074 |   1062 |     12 |     29 |    716 |   2 |  537.0 |
               +--------+--------+--------+--------+--------+-----+--------+

Top non-repeatable levels by time:
     D:1: 823 daAuts
     D:2: 251 daAuts
